 Dungeon Crawl Stone Soup version 0.29.0-4-gdea44cf6ec (webtiles) character file.

Game seed: 18165982312920175743

232 qw the Chopper (level 6, 0/47 HPs)
             Began as a Formicid Cinder Acolyte on Sept 4, 2022.
             Was a High Priest of Ignis.
             Slain by Pikel
             ... wielding a +2 whip of freezing
              (8 damage)
             ... on level 4 of the Dungeon.
             The game lasted 00:01:29 (3904 turns).

qw the Chopper (Formicid Cinder Acolyte)            Turns: 3904, Time: 00:01:29

Health: 0/47       AC: 17    Str: 20    XL:     6   Next: 25%
Magic:  7/7        EV:  6    Int: 14    God:    Ignis [*****.]
Gold:   1570       SH:  0    Dex:  9    Spells: 7/7 levels left

rFire   + . .      SeeInvis +   Y - +2 hand axe (flame)
rCold   . . .      Faith    .   (no shield)
rNeg    . . .      Spirit   .   j - +0 plate armour
rPois   .          Reflect  .   (helmet unavailable)
rElec   .          Harm     .   (no cloak)
rCorr   .          Rampage  .   (no gloves)
Will    +....                   (no boots)
Stlth   ..........              (no amulet)
HPRegen 0.15/turn               a - ring of willpower
MPRegen 0.10/turn               (no ring)

@: fiery-armoured
A: permanent stasis, dig shafts and tunnels, antennae 3, four strong arms
a: Dig, Shaft Self, Renounce Religion, Fiery Armour, Foxfire Swarm, Rising Flame


You were on level 4 of the Dungeon.
You worshipped Ignis.
Ignis was extremely pleased with you.
You visited 1 branch of the dungeon, and saw 4 of its levels.

You collected 1570 gold pieces.


Innate Abilities, Weirdness & Mutations

You cannot be hasted, slowed, berserked, paralysed or teleported.
You can dig through walls and to a lower floor.
You have a pair of large antennae on your head. (SInv)
Your four strong arms can wield two-handed weapons with a shield.


   Skills:
 - Level 3.2 Fighting
 - Level 6.0 Axes
 + Level 2.0 Armour
 - Level 1.0 Dodging
 - Level 1.1 Spellcasting
 - Level 3.0 Fire Magic


You had 7 spell levels left.
You didn't know any spells.
Your spell library contained the following spells:

 Spells                   Type           Power      Damage    Failure   Level
 Scorch                   Fire           18%        2d6       98%         2

Inventory:

Hand Weapons
 Y - a +2 hand axe of flaming (weapon)
Missiles
 b - a boomerang (quivered)
Armour
 j - a +0 plate armour (worn)
Jewellery
 a - a ring of willpower (left hand)
Scrolls
 e - 2 scrolls of identify
Potions
 f - a potion of might
 g - a potion of attraction {unknown}
 h - a potion of heal wounds
 i - 4 potions of curing

Dungeon Overview and Level Annotations

Branches:
Dungeon (4/15)
 Temple: D:4-7

Altars:
Gozag
Okawaru

Shops:
D:3 (

Annotations:
D:1 2 transporters
D:4 Pikel


Message History

You feel much better. Pikel hits you but does no damage.
Pikel resists.
Pikel is burned by your cloak of flames.
Pikel is heavily wounded.
The lemure hits you but does no damage.
The lemure is burned by your cloak of flames.
The lemure is almost dead.
The lemure hits you but does no damage.
The lemure is burned by your cloak of flames.
The lemure is moderately wounded.
The lemure hits you but does no damage.
The lemure is burned by your cloak of flames.
The lemure is moderately wounded.
You slash the lemure! You burn the lemure.
You kill the lemure!
That felt strangely unrewarding.
You closely miss Pikel. You hit the lemure but do no damage.
You hit the lemure. You burn the lemure. Pikel hits you but does no damage.
Pikel resists.
Pikel is burned by your cloak of flames.
Pikel is heavily wounded.
The lemure barely misses you. Pikel closely misses you.
The lemure hits you but does no damage.
The lemure is burned by your cloak of flames.
The lemure is severely wounded.
You slash the lemure! You burn the lemure.
You kill the lemure!
That felt strangely unrewarding.
You closely miss Pikel. You hit the lemure. You burn the lemure.
You barely miss the lemure.
Pikel hits you with a +2 whip of freezing!
Pikel freezes you. The lemure hits you but does no damage.
The lemure is burned by your cloak of flames.
The lemure is heavily wounded.
The lemure hits you.
You barely miss Pikel.
Pikel is heavily wounded.
You hit the lemure. You burn the lemure. You closely miss the lemure.
Pikel hits you with a +2 whip of freezing.
Pikel freezes you.
Pikel hits you with a +2 whip of freezing!
You die...

#####.# #....##
#...#.#####......
#...#.#..........
#........)#......
#...#%#.#.#####.. #
##.#..#...# ### #.
#.##.##### #
#.#########.##.####
#.#.......K@.........
..........55.........
.....................
.....................
###....##############
#.... #.... #.5.{
#...{


You could see Pikel (fast) and 2 lemures.

Vanquished Creatures
  2 lemures (D:4)
  An orc priest (D:4)
  Robin (D:2)
  3 gnolls
  6 adders
  4 worms
  3 dart slugs
  5 orcs
  7 endoplasms
  12 goblins
  13 hobgoblins
  5 quokkas
  7 ball pythons
  6 bats
  4 frilled lizards
  7 kobolds
  3 rats
89 creatures vanquished.

Notes
Turn   | Place    | Note
-------+----------+-------------------------------------------
     0 | D:1      | qw the Formicid Cinder Acolyte began the quest for the Orb.
     0 | D:1      | Reached XP level 1. HP: 18/18 MP: 2/2
     0 | D:1      | 0 ||| qw: Version: 0.1-a-103-gd6f5d3a
     0 | D:1      | 0 ||| qw: Game counter: 5422
     0 | D:1      | 0 ||| qw: Always use a shield: true
     0 | D:1      | 0 ||| qw: God list: Okawaru
     0 | D:1      | 0 ||| qw: Allow faded altars: false
     0 | D:1      | 0 ||| qw: Do Orc after D:15 true
     0 | D:1      | 0 ||| qw: Do second Lair branch before Depths: true
     0 | D:1      | 0 ||| qw: Lair rune preference: random
     0 | D:1      | 0 ||| qw: Plans: Normal
     0 | D:1      | 0 ||| PLANNING D:1-11
     6 | D:1      | Found a faded altar of an unknown god.
   317 | D:1      | Reached XP level 2. HP: 13/24 MP: 3/3
  1273 | D:1      | Reached skill level 4 in Axes
  1273 | D:1      | Reached XP level 3. HP: 29/29 MP: 4/4
  1592 | D:1      | 1592 ||| UPGRADING to +1 ring mail of positive energy.
  1602 | D:1      | 1602 ||| DROPPING +0 robe.
  1603 | D:1      | 1603 ||| READING scroll labelled NOPNORRU TIFI.
  1604 | D:1      | 1604 ||| READING 2 scrolls labelled SAOWON JOECS.
  1605 | D:1      | 1605 ||| READING scroll of enchant weapon.
  1605 | D:1      | 1605 ||| ENCHANTING +0 hand axe of flaming.
  1606 | D:1      | 1606 ||| READING 3 scrolls labelled VIGACI IXOCVE.
  1607 | D:1      | 1607 ||| READING 2 scrolls labelled VOAFIU ZOSERE.
  1608 | D:1      | 1608 ||| READING scroll labelled LIYDU LEIDOAV.
  1609 | D:1      | 1609 ||| READING 2 scrolls labelled MIDYL AQEXEXI.
  1610 | D:1      | 1610 ||| DRINKING 3 murky grey potions.
  1611 | D:1      | 1611 ||| READING 2 scrolls of identify.
  1611 | D:1      | 1611 ||| IDENTIFYING metallic green potion
  1612 | D:1      | 1612 ||| DROPPING scroll of fear.
  1613 | D:1      | 1613 ||| DROPPING scroll of vulnerability.
  1653 | D:2      | Noticed Robin
  1654 | D:2      | 1654 ||| INVOKING Fiery Armour.
  1660 | D:2      | Reached skill level 1 in Armour
  1665 | D:2      | Killed Robin
  1666 | D:2      | Reached XP level 4. HP: 28/35 MP: 5/5
  2081 | D:2      | Reached skill level 5 in Axes
  2081 | D:2      | Reached XP level 5. HP: 41/41 MP: 6/6
  2139 | D:2      | 2139 ||| Stepping ~*~*~tactically~*~*~ (stealth).
  2200 | D:2      | 2200 ||| Stepping ~*~*~tactically~*~*~ (stealth).
  2202 | D:2      | 2202 ||| Stepping ~*~*~tactically~*~*~ (hiding).
  2203 | D:2      | 2203 ||| Stepping ~*~*~tactically~*~*~ (hiding).
  2234 | D:2      | 2234 ||| Stepping ~*~*~tactically~*~*~ (stealth).
  2513 | D:2      | Reached skill level 1 in Dodging
  2561 | D:2      | 2561 ||| UPGRADING to +0 scale mail.
  2571 | D:2      | 2571 ||| DROPPING +1 ring mail of positive energy.
  2572 | D:2      | 2572 ||| UPGRADING to ring of willpower.
  2573 | D:2      | 2573 ||| READING scroll labelled MOEMMU DIELICI.
  2573 | D:2      | Identified a scroll of acquirement
  2573 | D:2      | 2573 ||| ACQUIRING 1340 gold pieces
  2573 | D:2      | Acquired 1340 gold pieces
  2575 | D:2      | 2575 ||| READING scroll labelled UNOVAM ZIODDE.
  2576 | D:2      | 2576 ||| READING 2 scrolls of identify.
  2576 | D:2      | 2576 ||| IDENTIFYING bubbling inky potion
  2577 | D:2      | 2577 ||| DROPPING potion of degeneration.
  2755 | D:3      | Found Paurin's Antique Weapon Emporium.
  2812 | D:3      | 2812 ||| READING scroll of enchant weapon.
  2812 | D:3      | 2812 ||| ENCHANTING +1 hand axe of flaming.
  3113 | D:3      | 3113 ||| Stepping ~*~*~tactically~*~*~ (stealth).
  3397 | D:3      | Found an iron altar of Okawaru.
  3407 | D:3      | 3407 ||| FLEEEEING.
  3408 | D:3      | 3408 ||| FLEEEEING.
  3409 | D:3      | 3409 ||| FLEEEEING.
  3410 | D:3      | 3410 ||| FLEEEEING.
  3511 | D:3      | 3511 ||| UPGRADING to +0 plate armour.
  3521 | D:3      | 3521 ||| DROPPING +0 scale mail.
  3522 | D:3      | 3522 ||| READING 3 scrolls of identify.
  3522 | D:3      | 3522 ||| IDENTIFYING cyan potion
  3523 | D:3      | 3523 ||| READING 2 scrolls of identify.
  3523 | D:3      | 3523 ||| IDENTIFYING black potion
  3524 | D:3      | 3524 ||| DROPPING potion of ambrosia.
  3525 | D:3      | 3525 ||| DROPPING potion of brilliance.
  3588 | D:4      | Found an opulent altar of Gozag.
  3675 | D:4      | 3675 ||| Stepping ~*~*~tactically~*~*~ (stealth).
  3681 | D:4      | 3681 ||| INVOKING Fiery Armour.
  3683 | D:4      | 3683 ||| Stepping ~*~*~tactically~*~*~ (stealth).
  3700 | D:4      | 3700 ||| Stepping ~*~*~tactically~*~*~ (stealth).
  3702 | D:4      | 3702 ||| FLEEEEING.
  3705 | D:4      | 3705 ||| FLEEEEING.
  3706 | D:4      | 3706 ||| FLEEEEING.
  3707 | D:4      | 3707 ||| FLEEEEING.
  3708 | D:4      | 3708 ||| FLEEEEING.
  3709 | D:4      | 3709 ||| FLEEEEING.
  3710 | D:4      | 3710 ||| FLEEEEING.
  3711 | D:4      | 3711 ||| FLEEEEING.
  3712 | D:4      | 3712 ||| FLEEEEING.
  3713 | D:4      | 3713 ||| FLEEEEING.
  3714 | D:4      | 3714 ||| STAIRDANCE
  3749 | D:3      | 3749 ||| READING 2 scrolls of identify.
  3749 | D:3      | 3749 ||| IDENTIFYING clear potion
  3752 | D:4      | 3752 ||| STAIRDANCE
  3757 | D:3      | Reached XP level 6. HP: 47/47 MP: 7/7
  3834 | D:4      | Reached skill level 6 in Axes
  3883 | D:4      | Noticed Pikel
  3886 | D:4      | 3886 ||| Stepping ~*~*~tactically~*~*~ (stealth).
  3887 | D:4      | 3887 ||| Stepping ~*~*~tactically~*~*~ (stealth).
  3888 | D:4      | 3888 ||| Stepping ~*~*~tactically~*~*~ (stealth).
  3889 | D:4      | 3889 ||| Stepping ~*~*~tactically~*~*~ (stealth).
  3897 | D:4      | 3897 ||| INVOKING Fiery Armour.
  3900 | D:4      | HP: 10/47 [Pikel/+2 whip of freezing (4)]
  3901 | D:4      | 3901 ||| DRINKING 2 potions of heal wounds.
  3904 | D:4      | Slain by Pikel

Levels and vault maps discovered:
D:1:      spicycebolla_arrival_transporter_tutorial, layout_loops_ring,
          ebering_ecumenical_altar_abandoned, roderic_three_in_a_row
D:2:      layout_basic, minmay_tromino_i4, uniq_robin
D:3:      layout_rooms, kennysheep_okawaru_gauntlet, serial_shops, shop,
          nicolae_hexahallways, kennysheep_generic_room_8
D:4:      layout_basic, nicolae_gozag_cash_rules_everything_around_me,
          serial_shops, shop, uniq_crazy_yiuf_cottage, uniq_pikel

Skill      XL: |  1  2  3  4  5  6 |
---------------+-------------------+-----
Axes           | 4 5 6 |  6.0
Armour         | 1 2 |  2.0
Dodging        | 1 |  1.0
Fighting       | |  3.2
Spellcasting   | |  1.1
Fire Magic     | |  3.0

Action                   |  1- 3 |  4- 6 || total
-------------------------+-------+-------++-------
Melee: Hand axe          |    63 |   149 ||   212
       Punch             |       |     1 ||     1
Throw: Boomerang         |       |     6 ||     6
Invok: Fiery Armour      |     1 |     2 ||     3
  Use: Scroll            |     8 |     7 ||    15
       Potion            |     1 |     1 ||     2
Armor: Robe              |    12 |       ||    12
       Ring mail         |     8 |    27 ||    35
       Scale mail        |       |    20 ||    20
       Plate armour      |       |    37 ||    37
Dodge: Dodged            |    51 |    47 ||    98

Table legend:
 A = Non-vault XP
 B = Vault XP
 C = Vault XP percentage of total XP
 D = Non-vault monster count
 E = Vault monster count
 F = Vault count percentage of total count
                 A         B        C        D         E       F
            +---------+---------+-------+---------+---------+-------
      Total |     270 |      62 |  18.7 |      69 |      18 |  20.7
            +---------+---------+-------+---------+---------+-------
        D:1 |      33 |       0 |   0.0 |      21 |       0 |   0.0
        D:2 |      65 |      61 |  48.4 |      19 |      17 |  47.2
        D:3 |      75 |       1 |   1.3 |      19 |       1 |   5.0
        D:4 |      97 |       0 |   0.0 |      10 |       0 |   0.0
            +---------+---------+-------+---------+---------+-------
